 Dungeon Crawl Stone Soup version 0.29-a0-322-g68df515428 (webtiles) character file.

Game seed: 14972281859421305847

109 sanka the Chopper (level 4, -1/41 HPs)
             Began as a Gnoll Cinder Acolyte on Apr 7, 2022.
             Was a High Priest of Ignis.
             Splashed by a jelly's acid (8 damage)
             ... on level 3 of the Dungeon.
             The game lasted 00:02:43 (3293 turns).

sanka the Chopper (Gnoll Cinder Acolyte)            Turns: 3293, Time: 00:02:44

Health: -1/41      AC: -9    Str: 13    XL:     4   Next: 89%
Magic:  8/8        EV: 11    Int: 14    God:    Ignis [*****.]
Gold:   138        SH:  0    Dex:  9    Spells: 7/9 levels left

rFire   + . .      SeeInvis .   k - +0 war axe
rCold   . . .      Faith    .   (no shield)
rNeg    . . .      Spirit   .   b - +0 robe
rPois   .          Reflect  .   (no helmet)
rElec   .          Harm     .   (no cloak)
rCorr   .          Rampage  .   (no gloves)
Will    .....                   (no boots)
Stlth   +.........              (no amulet)
HPRegen 0.13/turn               (no ring)
MPRegen 0.11/turn               (no ring)

@: corroded
A: fangs 1, strong nose, distributed training
a: Renounce Religion, Fiery Armour, Foxfire Swarm, Rising Flame


You were on level 3 of the Dungeon.
You worshipped Ignis.
Ignis was extremely pleased with you.
You visited 1 branch of the dungeon, and saw 3 of its levels.

You collected 138 gold pieces.


Innate Abilities, Weirdness & Mutations

You have very sharp teeth.
Your uncanny sense of smell can sniff out nearby items.
Your experience applies equally to all skills.


   Skills:
 + Level 6.6 Fighting
 + Level 1.2 Short Blades
 + Level 1.2 Long Blades
 + Level 6.6 Axes
 + Level 1.2 Maces & Flails
 + Level 1.2 Polearms
 + Level 1.2 Staves
 + Level 1.2 Slings
 + Level 1.2 Bows
 + Level 1.2 Crossbows
 + Level 1.2 Throwing
 + Level 1.2 Armour
 + Level 1.2 Dodging
 + Level 1.2 Stealth
 + Level 1.2 Shields
 + Level 1.2 Unarmed Combat
 + Level 3.0 Spellcasting
 + Level 1.0 Conjurations
 + Level 1.0 Hexes
 + Level 1.0 Summonings
 + Level 1.0 Necromancy
 + Level 1.0 Translocations
 + Level 1.0 Transmutations
 + Level 5.5 Fire Magic
 + Level 1.0 Ice Magic
 + Level 1.0 Air Magic
 + Level 1.0 Earth Magic
 + Level 1.0 Poison Magic
 + Level 1.4 Invocations
 + Level 1.2 Evocations


You had 7 spell levels left.
You knew the following spells:

 Your Spells              Type           Power      Damage    Failure   Level
y - Scorch                Fire           34%        2d7       3%          2

Your spell library contained the following spells:

 Spells                   Type           Power      Damage    Failure   Level
 Foxfire                  Conj/Fire      44%        2x1d6     5%          1
 Conjure Flame            Conj/Fire      11%        6-21      17%         3
 Inner Flame              Hex/Fire       11%        N/A       17%         3
 Ignite Poison            Fire/Tmut/Pois 9%         N/A       22%         3
 Dazzling Flash           Conj/Hex       10%        N/A       38%         3
 Flame Wave               Conj/Fire      11%        2d5       50%         4
 Sticky Flame             Conj/Fire      11%        2d3       50%         4
 Agony                    Necr           5%         N/A       98%         5
 Silence                  Hex/Air        2%         N/A       98%         5

Inventory:

Hand Weapons
 a - a -1 hand axe of flaming
 k - a +0 war axe (weapon)
 n - the +5 long sword of Bequeathed Prudence {speed, *Slow rC+++ MP-9 SInv} Attacks with this weapon are significantly faster. rC: It renders you almost immune to cold. MP: It affects your magic capacity (-9). SInv: It lets you see invisible. *Slow: It may slow you when you take damage.
Armour
 b - a +0 robe (worn)
 m - a +0 helmet
Magical Staves
 g - a staff of death
Jewellery
 r - a ring of poison resistance
Scrolls
 c - 6 scrolls of identify {unknown}
 e - a scroll of fog {unknown}
 i - a scroll of summoning {unknown}
 j - a scroll of noise {unknown}
 l - 3 scrolls of enchant armour {unknown}
 o - a scroll of amnesia {unknown}
 q - a scroll of fear {unknown}
Potions
 d - 2 potions of brilliance {unknown}
 f - a potion of haste {unknown}
 h - 3 potions of degeneration {unknown}
 p - a potion of curing {unknown}

Dungeon Overview and Level Annotations

Branches:
Dungeon (3/15)

Altars:

▒.▒ ▒..........▒▒. ▒.▒
▒..........▒▒. ▒.▒
▒▒▒▒.......▒▒. ▒.▒
▒▒▒▒▒▒.▒▒▒. ▒.▒
▒▒▒▒▒▒▒▒▒.▒▒▒▒
▒▒▒▒▒▒.▒▒▒<............
▒.......▒▒▒▒▒▒▒▒▒▒.▒▒▒.
▒▒................▒.▒
▒.
......Jg.▒▒▒▒▒▒▒▒.▒.▒
▒. ........(▒ ▒.▒.▒ ▒.
.........▒ ▒▒▒.▒.▒▒▒.
..=.▒▒▒▒▒▒ ▒.........
... ▒...▒.▒.▒. ..
▒.▒.▒.▒.▒▒ . ▒.▒.▒.▒.▒
▒.▒.▒.▒.▒ ▒.▒.▒.▒..


You could see a jelly.


Message History

The jelly is lightly wounded.
The jelly barely misses you. The jelly hits you. The acid corrodes you!
You are splashed with acid!
You slash the jelly!
Your hands burn!
You bite the jelly, but do no damage.
The jelly is heavily wounded.
The jelly hits you.
You are splashed with acid!
* * * LOW HITPOINT WARNING * * *
Unknown command.
You hit the jelly but do no damage.
Your hands burn!
* * * LOW HITPOINT WARNING * * *
You punch the jelly.
The jelly is severely wounded.
The jelly misses you.
Unknown command.
You hit the jelly.
Your hands burn!
* * * LOW HITPOINT WARNING * * *
You bite the jelly, but do no damage.
The jelly is almost dead.
The jelly hits you.
* * * LOW HITPOINT WARNING * * *
The acid corrodes you!
You are splashed with acid!
You die...

Action                   |  1- 3 |  4- 6 || total
-------------------------+-------+-------++-------
Melee: Hand axe          |   117 |       ||   117
       Bite              |     9 |     7 ||    16
       War axe           |     3 |    44 ||    47
       Long sword        |       |    16 ||    16
       Punch             |       |     1 ||     1
 Cast: Scorch            |       |     1 ||     1
 Stab: Sleeping          |     3 |     2 ||     5
Armor: Robe              |    23 |     9 ||    32
Dodge: Dodged            |    66 |    32 ||    98

Levels and vault maps discovered:
D:1:      dpeg_cavernosity, layout_rooms
D:2:      layout_rooms, minmay_fractal_squares_5, uniq_robin
D:3:      layout_basic, dilly_ecumenical_altar_fadedgnrine

Notes
Turn   | Place    | Note
-------+----------+-------------------------------------------
     0 | D:1      | sanka the Gnoll Cinder Acolyte began the quest for the Orb.
     0 | D:1      | Reached XP level 1. HP: 23/23 MP: 4/4
   170 | D:1      | Reached XP level 2. HP: 18/29 MP: 5/5
   343 | D:1      | Learned a level 2 spell: Scorch
   665 | D:1      | Reached XP level 3. HP: 28/35 MP: 7/7
  1272 | D:1      | Reached skill level 1 in Invocations
  1447 | D:2      | Reached skill level 1 in Short Blades
  1447 | D:2      | Reached skill level 1 in Long Blades
  1447 | D:2      | Reached skill level 1 in Maces & Flails
  1447 | D:2      | Reached skill level 1 in Polearms
  1447 | D:2      | Reached skill level 1 in Staves
  1447 | D:2      | Reached skill level 1 in Slings
  1447 | D:2      | Reached skill level 1 in Bows
  1447 | D:2      | Reached skill level 1 in Crossbows
  1447 | D:2      | Reached skill level 1 in Throwing
  1447 | D:2      | Reached skill level 1 in Armour
  1447 | D:2      | Reached skill level 1 in Dodging
  1447 | D:2      | Reached skill level 1 in Stealth
  1447 | D:2      | Reached skill level 1 in Shields
  1447 | D:2      | Reached skill level 1 in Unarmed Combat
  1447 | D:2      | Reached skill level 1 in Evocations
  1738 | D:2      | Reached XP level 4. HP: 34/41 MP: 8/8
  1905 | D:2      | Noticed Robin
  1913 | D:2      | Reached skill level 3 in Spellcasting
  1922 | D:2      | Killed Robin
  1923 | D:2      | Reached skill level 1 in Conjurations
  1923 | D:2      | Reached skill level 1 in Hexes
  1923 | D:2      | Reached skill level 1 in Summonings
  1923 | D:2      | Reached skill level 1 in Necromancy
  1923 | D:2      | Reached skill level 1 in Translocations
  1923 | D:2      | Reached skill level 1 in Transmutations
  1923 | D:2      | Reached skill level 1 in Ice Magic
  1923 | D:2      | Reached skill level 1 in Air Magic
  1923 | D:2      | Reached skill level 1 in Earth Magic
  1923 | D:2      | Reached skill level 1 in Poison Magic
  2342 | D:2      | Identified the +5 long sword of Bequeathed Prudence {speed,
                  | *Slow rC+++ MP-9 SInv}
  3293 | D:3      | Splashed by a jelly's acid

Vanquished Creatures
  Robin (D:2)
  An adder (D:3)
  A worm (D:2)
  An orc (D:3)
  8 ball pythons
  9 endoplasms
  4 giant cockroaches
  16 goblins
  6 hobgoblins
  2 jackals (D:1)
  4 quokkas (D:1)
  5 bats
  3 frilled lizards
  9 kobolds
  6 rats
76 creatures vanquished.
